 Dungeon Crawl Stone Soup version 0.31.0-11-ge490571c62 (webtiles) character file.

Game seed: 7592757266257084259

304 Rassilon the Insei (level 6, 0/48 HPs)
             Began as a Demonspawn Monk on Feb 1, 2024.
             Slain by an orc wizard
             ... wielding a +0 dagger
              (3 damage)
             ... on level 4 of the Dungeon.
             The game lasted 00:15:20 (3084 turns).

Rassilon the Insei (Demonspawn Monk)                Turns: 3084, Time: 00:15:21

Health: 0/48       AC:  2    Str: 13    XL:     6   Next: 15%
Magic:  6/6        EV: 15    Int: 17    God:
Gold:   186        SH:  0    Dex: 15    Spells: 5/5 levels left

rFire   . .          .
                       - Unarmed
rCold   . . .        (no shield)
rNeg    . . .        a - +0 robe
rPois   .            (helmet restricted)
rElec   .            (no cloak)
rCorr   .            (no gloves)
SInv    .            (no boots)
Will    .....        (no amulet)
Stlth   +            m - +6 ring of intelligence
HPRegen 0.28/turn    (no ring)
MPRegen 0.10/turn

%: no passive effects
@: no status effects
A: horns 2, repulsion field 1, ignite blood 1
a: no special abilities


You were on level 4 of the Dungeon.
You visited 1 branch of the dungeon, and saw 4 of its levels.

You collected 186 gold pieces.

Inventory:

Armour
 a - a +0 robe (worn)
Jewellery
 m - a +6 ring of intelligence (left hand)
Talismans
 h - a beast talisman
Wands
 i - a wand of paralysis (12)
 j - a wand of flame (3)
Scrolls
 c - 4 scrolls of identify {unknown}
 d - 2 scrolls of poison {unknown}
 e - a scroll of fear {unknown}
 f - 2 scrolls of revelation {unknown}
 g - a scroll of teleportation {unknown}
 k - a scroll of noise {unknown}
Potions
 b - a potion of curing {unknown}


   Skills:
 + Level 4.1 Fighting
 + Level 3.7 Dodging
 * Level 4.6 Unarmed Combat
 + Level 1.5 Shapeshifting


You had 5 spell levels left.
You didn't know any spells.
Your spell library contained the following spells:

 Spells                   Type           Power      Damage    Failure   Level
 Kiss of Death            Conj/Necr      0%         2d5       24%         1
 Call Canine Familiar     Summ           0%         N/A       56%         3
 Confusing Touch          Hex            0%         N/A       56%         3
 Sigil of Binding         Hex            0%         N/A       56%         3
 Dimensional Bullseye     Hex/Tloc       0%         N/A       93%         4
 Dispel Undead            Necr           0%         3d6       93%         4


Dungeon Overview and Level Annotations

Branches:
Dungeon (4/15)
 Temple: D:4-7

Altars:
Cheibriados
Fedhas
Nemelex Xobeh
Sif Muna
Trog
Xom

Shops:
D:1 *


Innate Abilities, Weirdness & Mutations

You have a pair of horns on your head.
You are surrounded by a mild repulsion field. (EV +2)
Your demonic aura sometimes causes spilled blood to erupt in flames.


Message History

You feel sick.
You hit the adder.
The adder is severely wounded.
You feel sick. The adder misses you.
You closely miss the adder. Your punch misses the adder.
The adder is severely wounded.
You feel sick.
You are no longer poisoned.
The adder bites you.
You are poisoned.
The adder poisons you! The adder misses you.
You hit the adder.
The adder is almost dead.
You feel sick. The adder misses you.
You hit the adder.
You kill the adder!
You feel sick.
You hear some strange, mumbled words.
A puff of flame appears from out of thin air!
The puff of flame hits you!
* * * LOW HITPOINT WARNING * * *
You barely miss the orc. Your headbutt misses the orc.
The orc is heavily wounded.
You feel sick. The orc closely misses you.
You hit the orc.
You kill the orc!
You feel sick.
You feel sick.
You are no longer poisoned.
Something hits you.
* * * LOW HITPOINT WARNING * * *
You see here a hound corpse.
You completely miss something. The orc misses you. Something hits you.
* * * LOW HITPOINT WARNING * * *
You completely miss the orc. Your headbutt misses the orc.
Your punch misses the orc. The orc hits you with a +0 dagger.
* * * LOW HITPOINT WARNING * * *
Something hits you.
You die...

#.#..#≈.≈._.≈.≈#.#
#.#..#≈.≈...≈.≈###
#.#.##≈..≈≈≈..≈#
#.#.##.≈≈≈≈≈≈≈.####
#.#..#.........#..#
#.#...#########...#
#.#.###...........#
#.#.###...........#
#.#.oo@†..#########
#...####### ###.#
#..o..# #...#.#...#
#.###........ # ...
.$... ##....... #.
##..


You could see 2 orcs.

Vanquished Creatures
  An orc priest (D:3)
  A bombardier beetle (D:3)
  A hound (D:4)
  2 orc wizards (D:3)
  7 adders
  3 ribbon worms
  9 orcs
  7 ball pythons
  3 endoplasms
  7 giant cockroaches
  10 goblins
  6 hobgoblins
  2 jackals (D:2)
  A quokka (D:2)
  12 bats
  4 frilled lizards
  4 kobolds
  12 rats
92 creatures vanquished.

Notes
Turn   | Place    | Note
-------+----------+-------------------------------------------
     0 | D:1      | Rassilon the Demonspawn Monk began the quest for the Orb.
     0 | D:1      | Reached XP level 1. HP: 18/18 MP: 1/1
    84 | D:1      | Gained mutation: You have a pair of small horns on your
                  | head. [demonic ancestry]
    84 | D:1      | Reached XP level 2. HP: 4/24 MP: 2/2
   481 | D:1      | Reached XP level 3. HP: 29/29 MP: 3/3
   643 | D:1      | Found Imosah's Assorted Antiques.
  1102 | D:2      | Gained mutation: You have a pair of horns on your head.
                  | [demonic ancestry]
  1102 | D:2      | Reached XP level 4. HP: 25/35 MP: 4/4
  1769 | D:3      | Found a sparkling altar of Nemelex Xobeh.
  1862 | D:3      | Found a snail-covered altar of Cheibriados.
  1863 | D:3      | Found a shimmering altar of Xom.
  2018 | D:3      | Reached skill level 1 in Shapeshifting
  2023 | D:3      | Gained mutation: You are surrounded by a mild repulsion
                  | field. (EV +2) [demonic ancestry]
  2023 | D:3      | Reached XP level 5. HP: 33/42 MP: 5/5
  2103 | D:3      | Found a shimmering blue altar of Sif Muna.
  2733 | D:3      | Noticed a moth of wrath
  2736 | D:3      | Found a bloodstained altar of Trog.
  3003 | D:4      | Found a blossoming altar of Fedhas.
  3053 | D:4      | Gained mutation: Your demonic aura sometimes causes spilled
                  | blood to erupt in flames. [demonic ancestry]
  3053 | D:4      | Reached XP level 6. HP: 48/48 MP: 6/6
  3084 | D:4      | Slain by an orc wizard

Illustrated notes

Levels and vault maps discovered:
D:1:      minmay_arrival_solitary_statue, layout_basic, serial_shops,
          shop_fountains, minmay_misc_feat_more_columns
D:2:      layout_basic
D:3:      layout_loops_ring, kennysheep_orc_sif_temple, tgw_trog,
          mainiacjoe_overflow_24_doors, grunt_temple_overflow_open,
          roderic_batcave, guppyfry_early_lair_pool
D:4:      layout_basic, mainiacjoe_overflow_paths,
          minmay_temple_entry_butterflies

Skill      XL: |  1  2  3  4  5 |
---------------+----------------+-----
Unarmed Combat | 3 4 |  4.6
Dodging        | 3 |  3.7
Shapeshifting  | 1 |  1.5
Fighting       | 4 |  4.1

Action                     |  1- 3 |  4- 6 || total
---------------------------+-------+-------++-------
  Melee: Unarmed           |   147 |   190 ||   337
         Headbutt          |    22 |    21 ||    43
         Punch             |       |    12 ||    12
    Use: Potion            |       |     4 ||     4
   Stab: Sleeping          |     2 |     2 ||     4
 Armour: Robe              |    73 |    91 ||   164
  Dodge: Dodged            |    87 |   140 ||   227
